 Dungeon Crawl Stone Soup version 0.28-a0-1404-g4df0f3684d (webtiles) character file.

Game seed: 8618113652731840524

603 ipx the Skirmisher (level 7, 0/47 HPs)
             Began as a Gargoyle Arcane Marksman on Jan 5, 2022.
             Was an Initiate of Makhleb.
             Slain by Pikel (1 damage)
             ... on level 6 of the Dungeon.
             The game lasted 00:21:28 (1749 turns).

ipx the Skirmisher (Gargoyle Arcane Marksman)       Turns: 1749, Time: 00:21:29

Health: 0/47       AC: 13    Str: 16    XL:     7   Next: 42%
Magic:  8/8        EV:  2    Int: 13    God:    Makhleb [......]
Gold:   120        SH: 14    Dex: 10    Spells: 7/8 levels left

rFire   . . .      SeeInvis .   a - +1 dagger (drain)
rCold   . . .      Faith    .   e - +0 tower shield
rNeg    + . .      Spirit   .   l - +0 chain mail
rPois   ∞          Reflect  +   (no helmet)
rElec   +          Harm     .   (no cloak)
rCorr   .          Rampage  .   (no gloves)
Will    .....                   k - +0 pair of boots
Stlth   ..........              X - amulet of reflection
HPRegen 0.15/turn               W - ring of wizardry
MPRegen 0.11/turn               (no ring)

@: mighty
A: sickness immunity, AC +4, negative energy resistance 1, electricity
resistance, torment resistance 1, petrification resistance
a: Renounce Religion


You were on level 6 of the Dungeon.
You worshipped Makhleb.
Makhleb was noncommittal.
You visited 2 branches of the dungeon, and saw 7 of its levels.

You collected 120 gold pieces.

Inventory:

Hand Weapons
 a - a +1 dagger of draining (weapon)
 b - a +0 hand crossbow
Missiles
 c - 23 bolts
Armour
 e - a +0 tower shield (worn)
 k - a +0 pair of boots (worn)
 l - a +0 chain mail (worn)
Jewellery
 I - a ring of ice
 L - a ring of flight
 W - a ring of wizardry (left hand)
 X - an amulet of reflection (around neck)
Scrolls
 d - 2 scrolls of amnesia {unknown}
 j - a scroll of immolation {unknown}
Potions
 f - 2 potions of brilliance
 h - a potion of attraction {unknown}
 i - a potion of magic {unknown}


   Skills:
 + Level 6.5 Fighting
 + Level 1.3 Short Blades
 - Level 5.0 Crossbows
 - Level 1.5 Dodging
 - Level 1.0 Spellcasting
 - Level 2.6 Hexes


You had 7 spell levels left.
You knew the following spells:

 Your Spells              Type           Power      Damage    Failure   Level
s - Slow                  Hex            28%        N/A       100%        1

Your spell library contained the following spells:

 Spells                   Type           Power      Damage    Failure   Level
 Blink                    Tloc           0%         N/A       100%        2
 Ensorcelled Hibernation  Hex/Ice        8%         N/A       100%        2
 Inner Flame              Hex/Fire       4%         N/A       100%        3
 Lesser Beckoning         Tloc           0%         N/A       100%        3
 Portal Projectile        Hex/Tloc       8%         N/A       100%        3
 Spider Form              Tmut/Pois      0%         N/A       100%        3
 Cause Fear               Hex            3%         N/A       100%        4
 Manifold Assault         Tloc           0%         N/A       100%        5


Dungeon Overview and Level Annotations

Branches:
Dungeon (6/15)             Temple (1/1) D:6

Altars:
Cheibriados
Makhleb
Okawaru
Trog

Shops:
D:1 *   D:3 (

Annotations:
D:4 Sigmund
D:6 Pikel


Innate Abilities, Weirdness & Mutations

You are immune to sickness and miasma.
Your stone body is resilient. (AC +4)
You are immune to poison.
You resist negative energy. (rN+)
You are resistant to electric shocks. (rElec)
You are resistant to unholy torment.
You are immune to petrification.


Message History

Aim: Pikel, wielding a +1 whip of freezing and wearing a +0 robe (59% to hit)
You shoot a bolt. The bolt hits Pikel but does no damage.
Pikel drinks a potion.
Pikel seems to speed up.
Fire: 25 bolts
Press: ? - help, Q - select action, (/) - cycle Shift-Dir - straight line, f/p - Pikel
Aim: Pikel, wielding a +1 whip of freezing and wearing a +0 robe (fast, 59% to hit)
You shoot a bolt. The bolt hits Pikel!
Pikel is moderately wounded.
Fire: 24 bolts
Press: ? - help, Q - select action, (/) - cycle Shift-Dir - straight line, f/p - Pikel
Aim: Pikel, wielding a +1 whip of freezing and wearing a +0 robe (moderately wounded, fast, 59% to hit)
You shoot a bolt. The bolt hits Pikel.
Pikel is moderately wounded.
Pikel hits you but does no damage. x2
You sense an unholy aura.
a - a +1 dagger of draining (weapon)
You barely miss Pikel.
Pikel is moderately wounded.
Pikel hits you but does no damage. You block Pikel's attack.
Pikel hits you with a +1 whip of freezing!
Pikel freezes you.
You hit Pikel but do no damage. You drain Pikel.
Pikel is moderately wounded.
Pikel hits you but does no damage. You block Pikel's attack.
You barely miss Pikel.
Pikel is moderately wounded.
Pikel hits you but does no damage.
Pikel hits you with a +1 whip of freezing!
* * * LOW HITPOINT WARNING * * *
Pikel freezes you.
* * * LOW HITPOINT WARNING * * *
You feel very mighty all of a sudden. You block Pikel's attack.
You hit Pikel. You drain Pikel.
Pikel is heavily wounded.
You block Pikel's attack.
Pikel hits you with a +1 whip of freezing.
* * * LOW HITPOINT WARNING * * *
Pikel freezes you.
You die...

. ##..## .
#..## .
#.## . #.#
#.# ###.#
#...# #.###
#@# #K# #5#
55# #(##
#####.#####
#$.....<..#
#..K.(....#
.5........#


You could see Pikel (fast, drained) and 3 lemures.

Vanquished Creatures
  2 necrophages
  An ogre (D:6)
  A centaur skeleton (D:5)
  2 hounds (D:5)
  A jelly (D:6)
  A bullfrog zombie (D:5)
  An orc priest (D:5)
  An iron imp (D:5)
  An orc wizard (D:5)
  A howler monkey skeleton (D:4)
  5 adders
  A worm (D:2)
  A dart slug (D:4)
  9 orcs
  4 ball pythons
  3 endoplasms
  3 giant cockroaches
  4 goblins
  7 hobgoblins
  3 jackals (D:3)
  4 kobolds
  3 quokkas
  2 bats
  2 frilled lizards (D:2)
  A quokka skeleton (D:2)
  3 rats
67 creatures vanquished.

Notes
Turn   | Place    | Note
-------+----------+-------------------------------------------
     0 | D:1      | ipx the Gargoyle Arcane Marksman began the quest for the
                  | Orb.
     0 | D:1      | Reached XP level 1. HP: 12/12 MP: 2/2
   127 | D:1      | Found Dadul's General Store.
   211 | D:1      | Reached XP level 2. HP: 17/17 MP: 3/3
   440 | D:2      | Reached skill level 2 in Fighting
   585 | D:2      | Reached XP level 3. HP: 6/22 MP: 4/4
   838 | D:3      | Reached XP level 4. HP: 27/27 MP: 5/5
   847 | D:3      | Reached skill level 3 in Fighting
   905 | D:3      | Found Vuaredih's Antique Weapon Shop.
  1137 | D:4      | Noticed Sigmund
  1257 | D:4      | Reached XP level 5. HP: 24/32 MP: 6/6
  1307 | D:5      | Entered Level 5 of the Dungeon
  1326 | D:5      | Reached skill level 4 in Fighting
  1357 | D:5      | You fall into a shaft and drop 1 floor!
  1376 | D:6      | Reached skill level 5 in Fighting
  1376 | D:6      | Reached XP level 6. HP: 40/40 MP: 7/7
  1384 | D:6      | Found a staircase to the Ecumenical Temple.
  1407 | Temple   | Entered the Ecumenical Temple
  1419 | Temple   | Became a worshipper of Makhleb the Destroyer
  1442 | D:6      | Noticed a necrophage
  1453 | D:6      | Killed a necrophage
  1560 | D:6      | Noticed Pikel
  1579 | D:5      | Reached skill level 6 in Fighting
  1579 | D:5      | Reached XP level 7. HP: 29/46 MP: 8/8
  1598 | D:5      | Reached skill level 5 in Crossbows
  1616 | D:5      | Found a snail-covered altar of Cheibriados.
  1678 | D:4      | Reached skill level 1 in Short Blades
  1749 | D:6      | HP: 1/47 [Pikel (6)]
  1749 | D:6      | Slain by Pikel

Illustrated notes

Levels and vault maps discovered:
D:1:      dpeg_arrival_pits, layout_loops_ring, serial_shops,
          nicolae_diamond_shop, hellmonk_ecumenical_altar_defaced_shrine
D:2:      minmay_wonky_spiral, layout_basic, kennysheep_path_1
D:3:      layout_basic, serial_shops, nicolae_shop_crystal, uniq_natasha
D:4:      layout_basic, uniq_sigmund
D:5:      layout_loops_ring, slow_altar_1
D:6:      layout_rooms, mainiacjoe_overflow_alcove_4,
          grunt_temple_overflow_open, minmay_temple_entry_wispy, uniq_pikel
Temple:   hc_temple_tempest_star

Skill      XL: |  1  2  3  4  5  6  7 |
---------------+----------------------+-----
Fighting       | 2 3 5 6 |  6.5
Crossbows      | 3 4 5 |  5.0
Short Blades   | 1 |  1.3
Dodging        | |  1.5
Spellcasting   | |  1.0
Hexes          | |  2.6

Action                   |  1- 3 |  4- 6 |  7- 9 || total
-------------------------+-------+-------+-------++-------
Melee: Dagger            |     7 |    97 |     9 ||   113
 Fire: Hand crossbow     |    66 |    54 |    32 ||   152
  Use: Potion            |       |     2 |     1 ||     3
       Scroll            |       |     2 |       ||     2
Armor: Ring mail         |    23 |    22 |       ||    45
       Chain mail        |       |    79 |    19 ||    98
Dodge: Dodged            |    10 |    16 |     2 ||    28
Block: Tower shield      |    28 |    87 |    27 ||   142

Table legend: (Time is in decaauts)
 A = Elapsed time spent in this place.
 B = Non-inter-level travel time spent in this place.
 C = Inter-level travel time spent in this place.
 D = Time resting spent in this place.
 E = Time spent auto-exploring this place.
 F = Levels seen in this place.
 G = Mean time per level.
                   A        B        C        D        E       F      G
               +--------+--------+--------+--------+--------+-----+--------+
         Total |   1908 |   1817 |     91 |      0 |      0 |   7 |  272.6 |
       Dungeon |   1883 |   1803 |     80 |      0 |      0 |   6 |  313.8 |
        Temple |     24 |     13 |     11 |      0 |      0 |   1 |   24.0 |
               +--------+--------+--------+--------+--------+-----+--------+

Top non-repeatable levels by time:
     D:2: 456 daAuts
     D:1: 410 daAuts
     D:3: 386 daAuts
     D:5: 281 daAuts
     D:4: 224 daAuts
     D:6: 124 daAuts
  Temple: 24 daAuts
